 Dungeon Crawl Stone Soup version 0.29.0-4-gdea44cf6ec (webtiles) character file.

Game seed: 9432140118571345680

77 qw the Chopper (level 4, 0/26 HPs)
             Began as a Tengu Warper on Aug 28, 2022.
             Slain by Robin
             ... wielding a +0 club
              (1 damage)
             ... on level 3 of the Dungeon.
             The game lasted 00:00:12 (3191 turns).

qw the Chopper (Tengu Warper)                       Turns: 3191, Time: 00:00:12

Health: 0/26       AC:  5    Str: 12 (13) XL:     4   Next: 33%
Magic:  8/8        EV: 14    Int: 14      God:
Gold:   100        SH:  0    Dex: 12 (13) Spells: 7/7 levels left

rFire   . . .      SeeInvis .   Y - +0 hand axe
rCold   . . .      Faith    .   (no shield)
rNeg    . . .      Spirit   .   l - +0 ring mail
rPois   .          Reflect  .   (helmet restricted)
rElec   .          Harm     .   (no cloak)
rCorr   .          Rampage  .   (no gloves)
Will    .....                   (boots unavailable)
Stlth   +.........              (no amulet)
HPRegen 0.08/turn               b - +4 ring of evasion
MPRegen 0.11/turn               (no ring)

@: about to teleport
A: beak, talons 3
a: no special abilities


You were on level 3 of the Dungeon.
You visited 1 branch of the dungeon, and saw 3 of its levels.

You collected 100 gold pieces.


Innate Abilities, Weirdness & Mutations

You have a beak for a mouth.
You have claws for feet.


   Skills:
 - Level 2.0 Fighting
 + Level 4.9 Axes
 - Level 1.0 Throwing
 - Level 1.1 Armour
 - Level 2.1 Dodging
 - Level 2.0 Spellcasting
 - Level 2.4 Translocations


You had 7 spell levels left.
You didn't know any spells.
Your spell library contained the following spells:

 Spells                   Type           Power      Damage    Failure   Level
 Blink                    Tloc           16%        N/A       30%         2
 Gell's Gravitas          Tloc           8%         N/A       52%         3
 Lesser Beckoning         Tloc           8%         N/A       52%         3
 Teleport Other           Tloc           8%         N/A       52%         3
 Manifold Assault         Tloc           8%         N/A       99%         5

Inventory:

Hand Weapons
 j - a +0 whip
 Y - a +0 hand axe (weapon)
Missiles
 a - 5 silver boomerangs (quivered)
Armour
 c - a +0 buckler
 l - a +0 ring mail (worn)
Jewellery
 b - a +4 ring of evasion (left hand)
Scrolls
 e - a scroll of enchant weapon {unknown}
 h - a scroll of teleportation
Potions
 d - a potion of magic {unknown}
 f - a potion of lignification {unknown}
 g - a potion of curing
 i - a potion of invisibility {unknown}

Dungeon Overview and Level Annotations

Branches:
Dungeon (3/15)

Altars:

Shops:
D:1 [

Annotations:
D:3 Robin


Message History

Robin throws the goblin at you!
You hit the goblin.
You kill the goblin!
You hit the orc. You hit the goblin.
You kill the goblin!
You barely miss Robin. The orc hits you with a +0 short sword.
Robin hits you with a +0 club.
A hobgoblin comes into view.
You closely miss the orc.
The orc is heavily wounded.
You hit the hobgoblin. You completely miss Robin.
The hobgoblin barely misses you. The orc hits you with a +0 short sword.
Robin hits you but does no damage.
You hit the hobgoblin but do no damage. Your kick misses the hobgoblin.
The hobgoblin is severely wounded.
You hit Robin but do no damage. You closely miss the orc.
The hobgoblin barely misses you. The orc hits you but does no damage.
Robin roars a battlecry!
The goblins go into a battle-frenzy!
You hit the hobgoblin.
You kill the hobgoblin!
You barely miss Robin. You barely miss the orc. Robin throws the goblin at you!
The orc closely misses you.
You hit the orc.
You kill the orc!
You hit the hobgoblin.
You kill the hobgoblin!
You hit Robin. You completely miss the goblin.
The goblin hits you but does no damage. Robin throws the goblin at you!
You hit Robin. Your kick misses Robin.
Robin is moderately wounded.
You hit the goblin. You hit the goblin but do no damage. You hit the hobgoblin.
The hobgoblin hits you. The goblin barely misses you.
Robin hits you with a +0 club. The goblin hits you but does no damage.
3191 ||| READING 2 scrolls of teleportation.
As you read the scroll of teleportation, it crumbles to dust.
You feel strangely unstable. The hobgoblin hits you.
The goblin barely misses you. The goblin hits you but does no damage.
Robin hits you with a +0 club.
You die...

# ### .# ....# ####.##
#...##### #.....#
#.#.g@g.#####.....#
......ggg...........#
#####[....####......####
#.....# #..##.....#
###########.######.#
######....#.......
........#...###.##
########..#.#..<#.#
#.........#.#.....#


You could see Robin, 2 hobgoblins and 2 goblins.

Vanquished Creatures
  An adder (D:3)
  2 worms
  A dart slug (D:1)
  3 orcs (D:3)
  7 endoplasms
  9 goblins
  6 hobgoblins
  2 jackals (D:1)
  A kobold (D:1)
  4 quokkas
  7 ball pythons
  3 bats
  2 frilled lizards (D:1)
  4 rats
52 creatures vanquished.

Notes
Turn   | Place    | Note
-------+----------+-------------------------------------------
     0 | D:1      | qw the Tengu Warper began the quest for the Orb.
     0 | D:1      | Reached XP level 1. HP: 12/12 MP: 4/4
     0 | D:1      | 0 ||| qw: Version: 0.1-a-89-g26bdef1
     0 | D:1      | 0 ||| qw: Game counter: 171
     0 | D:1      | 0 ||| qw: Always use a shield: true
     0 | D:1      | 0 ||| qw: God list: Okawaru
     0 | D:1      | 0 ||| qw: Allow faded altars: false
     0 | D:1      | 0 ||| qw: Do Orc after D:15 true
     0 | D:1      | 0 ||| qw: Do second Lair branch before Depths: true
     0 | D:1      | 0 ||| qw: Lair rune preference: random
     0 | D:1      | 0 ||| qw: Plans: Normal
     0 | D:1      | 0 ||| PLANNING D:1-11
   349 | D:1      | 349 ||| Stepping ~*~*~tactically~*~*~ (stealth).
   357 | D:1      | Reached XP level 2. HP: 10/17 MP: 6/6
   359 | D:1      | Reached skill level 3 in Axes
  1014 | D:1      | 1014 ||| Stepping ~*~*~tactically~*~*~ (hiding).
  1117 | D:1      | 1117 ||| Stepping ~*~*~tactically~*~*~ (hiding).
  1178 | D:1      | Reached XP level 3. HP: 21/21 MP: 7/7
  1354 | D:1      | Found Qoikisas's Armour Shoppe.
  1363 | D:1      | 1363 ||| SHOPLISTING +0 chain mail (58 gold, have 44).
  1363 | D:1      | 1363 ||| SHOPLISTING +0 ring mail (52 gold, have 44).
  1363 | D:1      | 1363 ||| SHOPLISTING +2 plate armour of cold resistance
                  | (520 gold, have 44).
  1363 | D:1      | 1363 ||| SHOPLISTING +2 robe of willpower (230 gold, have
                  | 44).
  1363 | D:1      | 1363 ||| SHOPLISTING +3 Mad Mage's Maulers {Infuse+∞
                  | RegenMP Int-3} (520 gold, have 44).
  1619 | D:1      | Reached skill level 4 in Axes
  1696 | D:1      | 1696 ||| READING scroll labelled QILLUA GOTUIR.
  1697 | D:1      | 1697 ||| READING 2 scrolls labelled KIERCH VOUB.
  1701 | D:1      | 1701 ||| DRINKING 2 viscous yellow potions.
  1702 | D:1      | 1702 ||| DRINKING 2 emerald potions.
  1703 | D:1      | 1703 ||| DROPPING scroll of blinking.
  1704 | D:1      | 1704 ||| DROPPING potion of degeneration.
  2299 | D:2      | 2299 ||| DROPPING +0 club.
  2878 | D:2      | 2878 ||| UPGRADING to +0 ring mail.
  2888 | D:2      | 2888 ||| DROPPING +0 leather armour.
  2889 | D:2      | 2889 ||| READING scroll labelled XASOXZ AKAAXZO.
  3004 | D:2      | 3004 ||| READING scroll labelled NENEBE QIERR.
  3005 | D:2      | 3005 ||| READING scroll labelled QOKLAE KERAGOXU.
  3005 | D:2      | Identified a scroll of acquirement
  3005 | D:2      | 3005 ||| ACQUIRING +4 ring of evasion
  3005 | D:2      | Acquired a +4 ring of evasion
  3007 | D:2      | 3007 ||| UPGRADING to +4 ring of evasion.
  3103 | D:3      | Reached XP level 4. HP: 26/26 MP: 8/8
  3172 | D:3      | Noticed Robin
  3190 | D:3      | HP: 6/26 [hobgoblin[Robin] (3)]
  3191 | D:3      | 3191 ||| READING 2 scrolls of teleportation.
  3191 | D:3      | HP: 1/26 [hobgoblin[Robin] (4)]
  3191 | D:3      | Slain by Robin

Levels and vault maps discovered:
D:1:      nzn_arrival_crosshair, layout_loops_ring, serial_shops,
          nicolae_diamond_shop, columned_hall_lemuel,
          hangedman_decor_clover_reticule, grunt_decor_junction,
          chequers_serial_rivers_micro_a, nrook_uturn
D:2:      layout_basic
D:3:      layout_basic, minmay_randomly_rotated_circles, uniq_robin

Skill      XL: |  1  2  3 |
---------------+----------+-----
Axes           | 3 4 |  4.9
Fighting       | |  2.0
Throwing       | |  1.0
Armour         | |  1.1
Dodging        | |  2.1
Spellcasting   | |  2.0
Translocations | |  2.4

Action                   |  1- 3 |  4- 6 || total
-------------------------+-------+-------++-------
Melee: Hand axe          |    78 |    21 ||    99
       Kick              |    24 |     6 ||    30
       Peck              |     8 |       ||     8
Throw: Boomerang         |    18 |     4 ||    22
  Use: Scroll            |     5 |     1 ||     6
       Potion            |     2 |       ||     2
Armor: Leather armour    |    16 |       ||    16
       Ring mail         |       |    16 ||    16
Dodge: Dodged            |    29 |    27 ||    56

Table legend:
 A = Non-vault XP
 B = Vault XP
 C = Vault XP percentage of total XP
 D = Non-vault monster count
 E = Vault monster count
 F = Vault count percentage of total count
                 A         B        C        D         E       F
            +---------+---------+-------+---------+---------+-------
      Total |      95 |      15 |  13.6 |      44 |       8 |  15.4
            +---------+---------+-------+---------+---------+-------
        D:1 |      47 |       0 |   0.0 |      28 |       0 |   0.0
        D:2 |      14 |       0 |   0.0 |       7 |       0 |   0.0
        D:3 |      34 |      15 |  30.6 |       9 |       8 |  47.1
            +---------+---------+-------+---------+---------+-------
